Map: Lerilak Crest

Players

FireCake - Winner!

  • Race: Zerg Zerg
  • League: Master

MelloW (Nina)

  • Race: Protoss Protoss
  • League: Grandmaster

Event: DreamHack ROCCAT LotV Championship

VOD

Have the link to the VOD?

Description

Time

  • Played on: Nov. 26, 2015, 3:05 p.m.
  • Length: 20:00

All games in this series

Show
View Real Time Build Order
Export as new Build Order

FireCake Zerg - Winner!

Build Orders: 3 Hatch before Pool 

Get SALT Encoding   

  12  0:00  Drone  
  13  0:07  Drone  
  14  0:16  Overlord  
  14  0:24  Drone, Extractor  
  15  0:35  Drone x2  
  17  0:52  Hatchery  
  17  0:55  Drone  
  17  0:58  Drone  
  18  1:19  Drone  
  18  1:21  Drone  
  20  1:30  Hatchery  
  20  1:32  Extractor  
  18  1:38  Spawning Pool  
  17  1:42  Drone  
  17  1:45  Drone  
  19  1:51  Drone  
  20  2:01  Drone  
  21  2:06  Drone  
  22  2:14  Overlord  
  22  2:21  Drone  
  22  2:22  Drone  
  24  2:24  Queen  
  24  2:25  Queen  
  28  2:32  Metabolic Boost  
  28  2:35  Zergling x2  
  28  2:37  Drone  
  30  2:40  Drone  
  30  2:42  Drone  
  32  2:45  Drone  
  32  2:49  Drone  
  34  2:56  Drone x2  
  34  2:58  Queen  
  36  3:02  Evolution Chamber  
  37  3:05  Drone  
  37  3:06  Drone  
  39  3:14  Overlord  
  39  3:20  Zergling x6  
  42  3:30  Zerg Melee Weapons Level 1  
  42  3:33  Zergling x2  
  42  3:34  Zergling x4  
  45  3:37  Drone x5  
  48  3:50  Zergling x2  
  48  3:51  Overlord  
  48  3:52  Overlord  
  49  4:00  Extractor  
  49  4:02  Drone  
  49  4:03  Drone, Extractor  
  49  4:04  Roach Warren, Drone  
  49  4:09  Drone x8  
  57  4:12  Overlord  
  56  4:33  Overlord  
  56  4:36  Drone  
  56  4:37  Drone x6  
  63  4:40  Spore Crawler  
  63  4:41  Spore Crawler x2  
  60  4:51  Roach x6  
  60  4:52  Roach  
  74  4:54  Roach  
  74  4:58  Overlord  
  76  5:03  Drone  
  76  5:04  Drone x2  
  79  5:12  Lair  
  79  5:16  Ravager x3  
  79  5:17  Zergling x14  
  89  5:25  Overlord x2  
  89  5:26  Overlord  
  89  5:37  Overlord  
  89  5:38  Hatchery, Overlord  
  88  5:47  Ravager x3  
  88  5:49  Zergling x8  
  99  5:50  Zergling x10  
  99  5:54  Zergling x6  
  102  5:58  Ravager  
  102  5:59  Ravager  
  103  6:04  Zergling x8  
  105  6:17  Zergling x2  
  105  6:18  Zergling x20  
  111  6:24  Zergling x2  
  107  6:32  Roach x3  
  109  6:38  Zergling x2  
  109  6:39  Zergling x2  
  106  6:43  Zergling x2  
  101  6:53  Zergling x8  
  82  7:02  Zergling x6  
  70  7:08  Zergling x2  
  70  7:09  Zergling x12  
  70  7:10  Queen  
  76  7:28  Roach x4  
  76  7:29  Roach x2  
  88  7:35  Hatchery  
  86  7:38  Zergling x16  
  86  7:42  Drone  
  94  7:54  Zergling x6  
  94  7:56  Ravager x6  
  94  7:58  Ravager  
  104  8:04  Zergling x6  
  83  8:21  Zergling x2  
  83  8:22  Zergling x14  
  86  8:34  Zergling x6  
  75  8:49  Zergling x2  
  75  8:50  Zergling x14  
  75  8:57  Zergling x2  
  75  9:00  Zergling x6  
  75  9:01  Zergling x4  
  81  9:09  Zergling x6  
  83  9:20  Zergling x12  
  83  9:21  Zergling x2  
  73  9:32  Drone x2  
  73  9:33  Drone x2  
  76  9:40  Zergling x8  
  76  9:41  Zerg Melee Weapons Level 2, Zergling x8  
  84  9:47  Drone x4  
  87  10:03  Zergling x16  
  82  10:16  Roach x5  
  82  10:17  Zergling x10  
  97  10:27  Zergling x6  
  98  10:37  Zergling x18  
  98  10:41  Zergling x6  
  109  10:47  Ravager x3  
  96  10:59  Zergling x16  
  96  11:03  Zergling x4  
  88  11:08  Zergling x2  
  88  11:09  Zergling x12  
  91  11:13  Zergling x2  
  91  11:14  Zergling x4  
  91  11:16  Ravager x2  
  95  11:30  Zergling x16  
  100  11:44  Zergling x20  
  107  11:47  Zergling x2  
  107  11:51  Zergling x2  
  107  11:52  Zergling x2  
  107  11:59  Zergling x4  
  102  12:11  Roach x2  
  102  12:12  Roach x4  
  105  12:19  Zergling x18  
  112  12:30  Zergling x8  
  112  12:34  Zergling x2  
  112  12:35  Zergling x4  
  110  12:42  Zergling x8  
  110  12:43  Ravager  
  110  12:44  Ravager x4  
  108  12:55  Zergling x18  
  108  12:56  Zergling x2  
  107  13:16  Roach x2, Zergling x2  
  107  13:17  Zergling x18  
  78  13:22  Zergling x10  
  80  13:29  Roach  
  80  13:30  Roach x2  
  85  13:39  Roach x3  
  85  13:40  Zergling x4  
  85  13:41  Zergling x2  
  94  13:51  Ravager x2  
  96  13:55  Zergling x2  
  96  13:56  Zergling x12  
  103  14:03  Ravager  
  103  14:07  Zergling x14  
  111  14:19  Zergling x8  
  111  14:20  Zergling x6  
  88  14:26  Zergling x2  
  88  14:27  Zergling x4  
  86  14:31  Zergling x2  
  86  14:32  Zergling x6  
  86  14:36  Ravager x2  
  87  14:39  Roach x2  
  87  14:40  Roach  
  87  14:44  Zergling x4  
  95  14:53  Zergling x8  
  95  14:54  Zergling x4  
  81  15:05  Ravager x3  
  81  15:06  Roach x2  
  81  15:07  Roach x2  
  85  15:11  Zergling x6  
  90  15:17  Drone x2  
  90  15:18  Drone  
  93  15:24  Zergling x10  
  97  15:33  Zergling x2  
  97  15:34  Zergling x8  
  97  15:35  Ravager x3  
  105  15:42  Ravager  
  106  15:43  Zergling x8  
  110  15:59  Zergling x6  
  110  16:00  Zergling x14  
  114  16:11  Zergling x2  
  114  16:12  Zergling x14  
  91  16:28  Zergling x8  
  91  16:29  Zergling x12  
  85  16:40  Zergling x16  
  93  16:51  Zergling x12  
  96  16:57  Zergling x6  
  97  17:04  Zergling x6  
  82  17:15  Zergling x2  
  82  17:16  Zergling x10  
  82  17:22  Roach  
  80  17:23  Roach  
  76  17:40  Roach x2  
  76  17:41  Roach x2  
  84  17:50  Ravager x2  
  82  18:02  Ravager x2  
  82  18:03  Ravager x2  
  82  18:04  Roach x4  
  94  18:06  Roach  
  94  18:07  Hatchery, Roach  
  97  18:13  Zergling x6  
  100  18:24  Zergling x10  
  105  18:31  Ravager x4  
  105  18:32  Ravager  
  110  18:34  Zergling x2  
  110  18:35  Zergling x6  
  112  18:53  Zergling x2  
  112  18:54  Zergling x22  
  97  19:01  Zergling x2  
  97  19:02  Zergling x6  
  84  19:10  Zergling x12  
  82  19:19  Zergling x10  
  87  19:26  Zergling x2  
  87  19:27  Zergling x8  
  92  19:38  Zergling x8  
  83  19:42  Zergling x4  
Show
View Real Time Build Order
Export as new Build Order

MelloW Protoss 

Build Orders: Nexus First 

Get SALT Encoding   

  12  0:01  Probe (Chrono Boost)  
  13  0:11  Probe (Chrono Boost)  
  14  0:18  Pylon  
  14  0:22  Probe (Chrono Boost)  
  15  0:36  Probe (Chrono Boost)  
  16  0:46  Probe (Chrono Boost)  
  17  0:57  Nexus  
  17  1:01  Probe (Chrono Boost)  
  18  1:11  Gateway  
  18  1:13  Probe (Chrono Boost)  
  18  1:18  Assimilator  
  19  1:22  Assimilator  
  19  1:26  Probe (Chrono Boost)  
  20  1:33  Pylon  
  20  1:37  Probe (Chrono Boost)  
  21  1:47  Probe (Chrono Boost)  
  21  1:52  Gateway  
  22  1:58  Probe (Chrono Boost)  
  23  2:02  Cybernetics Core  
  23  2:08  Probe (Chrono Boost)  
  23  2:10  Probe (Chrono Boost)  
  25  2:19  Probe (Chrono Boost)  
  25  2:20  Probe (Chrono Boost)  
  28  2:30  Probe (Chrono Boost)  
  28  2:31  Probe (Chrono Boost)  
  29  2:39  Adept x2 (Chrono Boost)  
  29  2:40  Probe  
  29  2:41  Probe  
  29  2:43  Warp Gate  
  35  2:52  Probe  
  35  2:54  Mothership Core (Chrono Boost)  
  38  3:01  Robotics Facility  
  38  3:04  Probe (Chrono Boost)  
  39  3:14  Probe (Chrono Boost)  
  39  3:15  Probe (Chrono Boost)  
  39  3:16  Pylon  
  41  3:21  Pylon  
  41  3:24  Probe (Chrono Boost)  
  41  3:26  Probe (Chrono Boost)  
  43  3:28  Sentry  
  45  3:34  Sentry  
  45  3:35  Probe (Chrono Boost)  
  45  3:36  Probe (Chrono Boost)  
  49  3:42  Gateway  
  49  3:45  Probe (Chrono Boost)  
  49  3:47  Probe (Chrono Boost)  
  51  3:49  Immortal (Chrono Boost)  
  51  3:52  Gateway  
  55  3:56  Probe (Chrono Boost)  
  55  3:59  Probe (Chrono Boost)  
  57  4:05  Gateway  
  57  4:06  Assimilator  
  57  4:09  Probe (Chrono Boost)  
  58  4:11  Assimilator  
  58  4:13  Probe (Chrono Boost), Pylon  
  56  4:29  Immortal (Chrono Boost)  
  59  4:32  Pylon  
  59  4:34  Pylon  
  59  4:38  Gateway  
  59  4:43  Gateway x2  
  59  4:47  Sentry x2  
  63  5:00  Pylon  
  63  5:02  Pylon, Warp Prism (Chrono Boost)  
  63  5:05  Adept x3  
  71  5:14  Adept  
  71  5:15  Adept  
  71  5:20  Pylon  
  75  5:21  Pylon  
  75  5:27  Adept  
  75  5:28  Adept x2  
  81  5:35  Observer (Chrono Boost)  
  82  5:39  Adept  
  84  5:44  Adept x3  
  84  5:47  Adept  
  92  5:52  Adept x2  
  90  6:22  Adept x4  
  90  6:24  Sentry x2  
  98  6:31  Robotics Bay  
  92  6:40  Adept  
  92  6:41  Adept  
  92  6:43  Adept x2  
  92  6:46  Adept x2  
  98  6:58  Adept x2  
  92  7:02  Adept x2  
  69  7:15  Probe  
  69  7:18  Disruptor (Chrono Boost)  
  69  7:20  Adept x2  
  69  7:21  Adept x2  
  69  7:22  Adept x3  
  78  7:24  Pylon  
  80  7:30  Pylon  
  80  7:32  Pylon  
  80  7:34  Gravitic Drive  
  80  7:42  Adept x3  
  86  7:48  Nexus  
  86  7:55  Adept x3  
  92  7:59  Sentry x2  
  96  8:05  Adept  
  96  8:06  Adept  
  84  8:26  Adept x4  
  84  8:27  Adept  
  92  8:30  Sentry  
  92  8:32  Adept, Disruptor (Chrono Boost)  
  99  8:37  Pylon  
  83  8:55  Adept x2  
  83  8:56  Adept x4  
  83  8:57  Sentry  
  97  9:08  Probe, Disruptor (Chrono Boost)  
  97  9:09  Probe  
  100  9:10  Probe  
  100  9:13  Adept  
  105  9:22  Adept  
  107  9:29  Adept  
  108  9:31  Probe  
  107  9:44  Adept x3  
  107  9:45  Probe  
  113  9:48  Probe  
  113  9:49  Probe  
  106  10:03  Adept x2  
  110  10:09  Adept  
  110  10:18  Disruptor (Chrono Boost)  
  110  10:19  Twilight Council  
  113  10:25  Sentry  
  113  10:26  Sentry x2  
  117  10:34  Adept  
  114  10:38  Adept x2  
  114  10:41  Adept  
  120  10:44  Adept  
  89  11:08  Adept x5  
  89  11:09  Adept  
  83  11:12  Probe  
  83  11:16  Pylon  
  82  11:18  Pylon  
  82  11:22  Adept  
  82  11:23  Zealot  
  86  11:29  Adept x2  
  88  11:34  Probe  
  88  11:35  Probe  
  88  11:36  Probe  
  91  11:45  Probe x2, Disruptor (Chrono Boost)  
  91  11:54  Probe  
  89  11:55  Probe  
  89  11:58  Adept  
  89  11:59  Probe  
  83  12:12  Adept x2  
  87  12:16  Probe  
  87  12:18  Probe  
  89  12:29  Adept x2  
  93  12:44  Disruptor (Chrono Boost)  
  96  12:46  Probe  
  96  12:48  Probe  
  96  12:51  Adept x3  
  96  12:56  Sentry  
  96  12:58  Sentry  
  96  13:16  Probe  
  96  13:18  Probe  
  96  13:19  Adept  
  83  13:20  Adept x3  
  89  13:31  Probe  
  89  13:34  Resonating Glaives (Chrono Boost)  
  90  13:39  Assimilator  
  90  13:40  Probe, Assimilator  
  91  13:45  Sentry  
  91  13:46  Sentry  
  91  13:48  Probe  
  95  13:51  Zealot  
  98  14:06  Stalker  
  98  14:07  Stalker  
  102  14:13  Forge  
  92  14:25  Adept x2  
  92  14:28  Sentry  
  96  14:42  Adept  
  96  15:02  Disruptor  
  96  15:03  Adept x3, Blink (Chrono Boost)  
  96  15:10  Probe  
  100  15:19  Adept  
  102  15:25  Photon Cannon  
  102  15:32  Adept  
  102  15:35  Adept  
  106  15:42  Templar Archives  
  106  15:57  Adept x2  
  106  16:02  Adept x2  
  111  16:15  Adept x2  
  73  16:36  Adept x4  
  73  16:38  Sentry x2  
  72  16:44  High Templar x2  
  76  16:48  Archon  
  76  16:55  Disruptor  
  76  16:59  High Templar x2  
  83  17:04  Archon  
  83  17:07  Zealot x2  
  75  17:16  Adept  
  73  17:35  Disruptor (Chrono Boost)  
  73  17:39  Adept x3  
  82  17:49  Pylon  
  82  18:05  Nexus  
  82  18:09  High Templar  
  82  18:12  High Templar  
  86  18:16  Pylon  
  86  18:19  Archon  
  86  18:26  Adept  
  86  18:32  Adept  
  88  18:40  Adept  
  88  18:41  Adept  
  82  19:02  Adept x3  
  79  19:09  Mothership Core  
  79  19:21  High Templar  
  78  19:24  High Templar  
  78  19:28  Archon  
  61  19:41  Adept x3  
  47  19:53  Adept x2  

Tags
 
Add a new tag
Caveats
  • Supply blocks, unpowered buildings, or Contaminate may cause inaccurate times.
  • Supply counts are checked every 10 seconds.